[Event "1st Cyprus Chess Tournament 2019"]
[Site "Larnaca"]
[Date "2019.10.25"]
[Round "1.4"]
[White "Deva, Atilla"]
[Black "Tilicheev, Viacheslav"]
[Result "0-1"]
[ECO "A40"]
[WhiteElo "1607"]
[BlackElo "2478"]
[Annotator "RC"]
[PlyCount "96"]
[EventDate "2019.10.25"]
[EventType "swiss"]
[EventCountry "CYP"]
[SourceTitle "playchess.com"]
[Source "ChessBase"]
[SourceQuality "1"]
[TimeControl "5400+30"]

1. d4 g6 2. Bf4 Bg7 3. Nc3 d5 4. e3 a6 5. h4 Nf6 6. Be2 h6 7. Nf3 b6 8. Ne5 Bb7 9. g4 Nbd7 10. Bf3 c5 11. g5 hxg5 12. hxg5 Rxh1+ 13. Bxh1 Ne4 14. Nxe4 dxe4 15. Qg4 cxd4 16. Nxd7 Qxd7 17. Qxd7+ Kxd7 18. exd4 Rh8 19. Bg2 e5 20. dxe5 Ke6 21. O-O-O Bxe5 22. Be3 b5 23. Rh1 Rxh1+ 24. Bxh1 Kf5 25. c3 Bf4 26. Kd2 Bxg5 27. Bg2 Bxe3+ 28. Kxe3 Ke5 29. Bf1 Bd5 30. a4 Bc4 31. Bh3 bxa4 32. Bd7 Bb5 33. Bc8 f5 34. Bb7 g5 35. Bc8 g4 36. Kd2 a5 37. Ke1 Kf4 38. Be6 e3 39. fxe3+ Kxe3 40. Bxf5 g3 41. Bh3 Be2 42. Bg2 Bf3 43. Kf1 Bxg2+ 44. Kxg2 Kd3 45. Kxg3 a3 46. bxa3 Kxc3 47. Kf3 Kb3 48. Ke2 Kxa3 0-1

[Event "1st Cyprus Chess Tournament 2019"]
[Site "Larnaca"]
[Date "2019.10.27"]
[Round "3.1"]
[White "Sumets, Andrey"]
[Black "Ivanov, Mikhail M"]
[Result "1/2-1/2"]
[ECO "C41"]
[WhiteElo "2570"]
[BlackElo "2342"]
[Annotator "ChessBase"]
[PlyCount "134"]
[EventDate "2019.10.25"]
[EventType "swiss"]
[EventCountry "CYP"]
[SourceTitle "playchess.com"]
[Source "ChessBase"]
[SourceQuality "1"]
[TimeControl "5400+30"]

1. d4 d6 2. e4 e5 3. Nf3 exd4 4. Nxd4 Nf6 5. Nc3 Be7 6. g3 Nc6 7. Bg2 Nxd4 8. Qxd4 O-O 9. O-O Be6 10. h3 c6 11. Be3 Nd7 12. f4 f5 13. exf5 Bxf5 14. Qd2 Nb6 15. b3 d5 16. g4 Be6 17. Rad1 Kh8 18. f5 Bf7 19. Qf2 Bh4 20. Qf4 Qb8 21. Qb4 Qe8 22. Bc5 Rg8 23. Rd2 Nd7 24. Re2 Qc8 25. Be7 Nf6 26. Bc5 Re8 27. Bf2 Bxf2+ 28. Rfxf2 Qd7 29. g5 Rxe2 30. Rxe2 Ng8 31. Rf2 Bh5 32. Na4 b6 33. Nb2 Re8 34. Nd3 d4 35. Nf4 Bf7 36. g6 hxg6 37. fxg6 Be6 38. Re2 Bf5 39. Rxe8 Qxe8 40. Qxd4 Bxg6 41. Qe5 Bf7 42. Nd3 Nf6 43. Qxe8+ Bxe8 44. b4 Ng8 45. Kf2 Ne7 46. Ke3 Kg8 47. Kd4 Kf7 48. Ke5 Nc8 49. Nf4 Bd7 50. c4 g5 51. Ne2 Be6 52. Kd4 Nd6 53. c5 Nf5+ 54. Ke5 bxc5 55. bxc5 Ne3 56. Bxc6 Bxa2 57. Bd7 Ke7 58. c6 Nc4+ 59. Kd4 Nb6 60. Nc3 Bb3 61. Bg4 Kd6 62. Bf3 a6 63. Ne4+ Kxc6 64. Nxg5+ Bd5 65. h4 Bxf3 66. Nxf3 Kd6 67. h5 Ke6 1/2-1/2

[Event "1st Cyprus Chess Tournament 2019"]
[Site "Larnaca"]
[Date "2019.10.27"]
[Round "3.2"]
[White "Cherkasov, Nikolai"]
[Black "Gleizerov, Evgeny"]
[Result "0-1"]
[ECO "A04"]
[WhiteElo "2338"]
[BlackElo "2512"]
[Annotator "ChessBase"]
[PlyCount "82"]
[EventDate "2019.10.25"]
[EventType "swiss"]
[EventCountry "CYP"]
[SourceTitle "playchess.com"]
[Source "ChessBase"]
[SourceQuality "1"]
[TimeControl "5400+30"]

1. e4 e6 2. d3 c5 3. Nf3 Nc6 4. g3 g6 5. Bg2 Bg7 6. O-O Nge7 7. c3 e5 8. Be3 d6 9. Qd2 O-O 10. Na3 f5 11. Bh6 f4 12. Bxg7 Kxg7 13. d4 cxd4 14. cxd4 Bg4 15. Nc2 Bxf3 16. Bxf3 fxg3 17. fxg3 Qb6 18. Kg2 Nxd4 19. Nxd4 exd4 20. Bg4 Nc6 21. Be6 Ne5 22. h3 d3 23. Rf4 Rae8 24. Bb3 Qd4 25. Rc1 Rc8 26. Rcf1 Nc4 27. Bxc4 Qxc4 28. R1f3 Rxf4 29. Qxf4 Qd4 30. Rf2 Kh8 31. h4 d5 32. e5 Qe4+ 33. Kh3 Qxf4 34. gxf4 Rc2 35. Rf3 Rd2 36. Re3 Kg7 37. Kg4 h5+ 38. Kf3 Kf7 39. Re1 Rxb2 40. Ke3 d2 41. Ra1 Rxa2 0-1

[Event "1st Cyprus Chess Tournament 2019"]
[Site "Larnaca"]
[Date "2019.10.27"]
[Round "3.3"]
[White "Kotronias, Vasilios"]
[Black "Terentiev, Sergei"]
[Result "1-0"]
[ECO "B41"]
[WhiteElo "2486"]
[BlackElo "2285"]
[Annotator "ChessBase"]
[PlyCount "81"]
[EventDate "2019.10.25"]
[EventType "swiss"]
[EventCountry "CYP"]
[SourceTitle "playchess.com"]
[Source "ChessBase"]
[SourceQuality "1"]
[TimeControl "5400+30"]

1. e4 c5 2. Nf3 e6 3. d4 cxd4 4. Nxd4 a6 5. c4 Nf6 6. Nc3 Bb4 7. Qd3 Qc7 8. a3 Be7 9. f4 d6 10. Be2 b6 11. O-O Nbd7 12. b4 Bb7 13. Bb2 O-O 14. Rac1 Rfe8 15. g4 h6 16. h4 Nh7 17. g5 Qd8 18. Qg3 hxg5 19. fxg5 g6 20. Nf3 Bf8 21. Rcd1 Qe7 22. e5 dxe5 23. Nxe5 Nxe5 24. Qxe5 Bg7 25. Qxg7+ Kxg7 26. Nd5+ e5 27. Nxe7 Rxe7 28. Rd6 a5 29. b5 Kf8 30. Rxg6 Rd8 31. Bc3 Be4 32. Rxb6 Bd3 33. Rd1 e4 34. Kf2 Ke8 35. Ke3 Rc8 36. Bg4 Ra8 37. c5 Nf8 38. c6 Ne6 39. Bxe6 Rxe6 40. h5 Rd8 41. Bf6 1-0

[Event "1st Cyprus Chess Tournament 2019"]
[Site "Larnaca"]
[Date "2019.10.27"]
[Round "3.4"]
[White "Lornye, Pylyp"]
[Black "Tilicheev, Viacheslav"]
[Result "0-1"]
[ECO "A04"]
[WhiteElo "2284"]
[BlackElo "2478"]
[Annotator "ChessBase"]
[PlyCount "110"]
[EventDate "2019.10.25"]
[EventType "swiss"]
[EventCountry "CYP"]
[SourceTitle "playchess.com"]
[Source "ChessBase"]
[SourceQuality "1"]
[TimeControl "5400+30"]

1. Nf3 e6 2. g3 g5 3. h3 d6 4. d4 h6 5. Bg2 Bg7 6. Nc3 Ne7 7. e4 a6 8. a4 d5 9. O-O Nbc6 10. e5 Ng6 11. Ne2 O-O 12. c3 f6 13. exf6 Qxf6 14. Nh2 e5 15. dxe5 Ncxe5 16. f4 gxf4 17. Nxf4 Nxf4 18. Bxf4 c6 19. Bxe5 Qxe5 20. Rxf8+ Bxf8 21. Qf3 Qf5 22. Qe2 Qg5 23. Rf1 Qxg3 24. Qh5 Qg7 25. Kh1 Be6 26. Bf3 Qf7 27. Rg1+ Kh7 28. Qe5 Bf5 29. Bh5 Bd6 30. Qxd6 Be4+ 31. Nf3 Bxf3+ 32. Bxf3 Qxf3+ 33. Kh2 Qf7 34. Rg2 Re8 35. a5 Re3 36. Qb8 h5 37. Qd6 h4 38. Qb8 Re8 39. Qd6 Re4 40. b4 Qf4+ 41. Qxf4 Rxf4 42. Re2 Re4 43. Rf2 Kg6 44. Kg2 Re3 45. Rf3 Rxf3 46. Kxf3 Kf5 47. Ke3 Ke5 48. Kd3 Kf4 49. Kd4 Kg3 50. Kc5 Kxh3 51. Kb6 Kg4 52. Kxb7 h3 53. Kxa6 h2 54. Kb6 h1=Q 55. a6 Qf1 0-1

[Event "1st Cyprus Chess Tournament 2019"]
[Site "Larnaca"]
[Date "2019.10.27"]
[Round "3.5"]
[White "Kazakouski, Valery"]
[Black "Biljanic, Ljubomir"]
[Result "1-0"]
[ECO "A13"]
[WhiteElo "2474"]
[BlackElo "2241"]
[Annotator "ChessBase"]
[PlyCount "61"]
[EventDate "2019.10.25"]
[EventType "swiss"]
[EventCountry "CYP"]
[SourceTitle "playchess.com"]
[Source "ChessBase"]
[SourceQuality "1"]
[TimeControl "5400+30"]

1. Nf3 Nf6 2. c4 e6 3. g3 d5 4. Bg2 Bd6 5. O-O O-O 6. b3 Qe7 7. Bb2 Nbd7 8. Nc3 c6 9. Qc2 Nb6 10. e4 Ba3 11. e5 Nfd7 12. Bxa3 Qxa3 13. cxd5 cxd5 14. d4 a6 15. Ng5 g6 16. h4 Nb8 17. Nf3 Nc6 18. h5 Bd7 19. Qd2 Rfc8 20. Rfd1 Rc7 21. Nh2 Be8 22. Ng4 Nd7 23. hxg6 hxg6 24. Bxd5 Ne7 25. Be4 Qb4 26. Ne2 Qxd2 27. Rxd2 Rac8 28. Kg2 Kg7 29. Rh1 Ng8 30. Nf4 Nb6 31. Bxg6 1-0

[Event "1st Cyprus Chess Tournament 2019"]
[Site "Larnaca"]
[Date "2019.10.27"]
[Round "3.6"]
[White "Tsyn, Igor"]
[Black "Mirzoev, Azer"]
[Result "0-1"]
[ECO "B31"]
[WhiteElo "2129"]
[BlackElo "2472"]
[Annotator "ChessBase"]
[PlyCount "156"]
[EventDate "2019.10.25"]
[EventType "swiss"]
[EventCountry "CYP"]
[SourceTitle "playchess.com"]
[Source "ChessBase"]
[SourceQuality "1"]
[TimeControl "5400+30"]

1. e4 c5 2. Nf3 Nc6 3. Bb5 g6 4. Bxc6 bxc6 5. O-O Bg7 6. Re1 Nh6 7. c3 O-O 8. h3 d6 9. d4 cxd4 10. cxd4 f6 11. Nc3 Nf7 12. Qe2 Bd7 13. Bf4 e5 14. dxe5 fxe5 15. Be3 h6 16. Rad1 Kh7 17. Rd2 Be6 18. Red1 Qc8 19. Rc1 Qb7 20. b3 Rfd8 21. Na4 Rac8 22. Rdc2 Rd7 23. Nd2 c5 24. f3 Nd8 25. Rc3 Nc6 26. Kh2 Nd4 27. Qd3 Rf8 28. Rf1 Rdf7 29. Rf2 h5 30. Nb2 Bh6 31. Bxh6 Kxh6 32. Qe3+ Kg7 33. Qg5 Qe7 34. Qxe7 Rxe7 35. Nd3 g5 36. Nc4 Rd7 37. Kg3 h4+ 38. Kh2 Kf6 39. Ne3 Rb8 40. Nc4 Ke7 41. Ndb2 a5 42. Na4 Ra7 43. Ne3 Bd7 44. Nb6 Be6 45. Nbd5+ Kf7 46. Rc4 Bd7 47. Rb2 Rab7 48. Rc1 a4 49. Nc4 Ke6 50. Na5 Ra7 51. Nc4 axb3 52. axb3 Bc6 53. Nde3 Rxb3 54. Rxb3 Nxb3 55. Rb1 Nd4 56. Rb6 Ra2 57. Kg1 Kd7 58. Rb8 Ne2+ 59. Kf2 Nf4+ 60. Kg1 Kc7 61. Rg8 Bb5 62. Rxg5 Ra4 63. Nd2 c4 64. Rg4 c3 65. Rxf4 cxd2 66. Rf7+ Kc6 67. Kf2 Ra1 68. Nd5 d1=N+ 69. Kg1 Ne3+ 70. Kf2 Ra2+ 71. Kg1 Nxd5 72. exd5+ Kxd5 73. Rh7 Ra4 74. g3 Ra1+ 75. Kf2 Ra2+ 76. Kg1 hxg3 77. h4 Rh2 78. h5 Be2 0-1

[Event "1st Cyprus Chess Tournament 2019"]
[Site "Larnaca"]
[Date "2019.10.27"]
[Round "3.7"]
[White "Ulybin, Mikhail"]
[Black "Isaakidis, Alexandros"]
[Result "1-0"]
[ECO "A58"]
[WhiteElo "2455"]
[BlackElo "2219"]
[Annotator "ChessBase"]
[PlyCount "81"]
[EventDate "2019.10.25"]
[EventType "swiss"]
[EventCountry "CYP"]
[SourceTitle "playchess.com"]
[Source "ChessBase"]
[SourceQuality "1"]
[TimeControl "5400+30"]

1. d4 Nf6 2. c4 c5 3. d5 b5 4. cxb5 a6 5. bxa6 g6 6. Nc3 Bg7 7. e4 O-O 8. Nf3 Qa5 9. a7 Nxe4 10. Bd2 Nxd2 11. Nxd2 Bxc3 12. axb8=Q Bxd2+ 13. Qxd2 Qxd2+ 14. Kxd2 Rxb8 15. Kc3 Rb6 16. a4 Ba6 17. a5 Rf6 18. Bxa6 Rxa6 19. Ra4 Rb8 20. Rha1 e6 21. b4 cxb4+ 22. Rxb4 Rc8+ 23. Rc4 Rca8 24. Rc5 Kf8 25. Kb4 Ke7 26. Ra3 Kd6 27. Rf3 R6a7 28. Rb5 Rc7 29. Rxf7 Rc1 30. Rb6+ Ke5 31. dxe6 dxe6 32. a6 Rd8 33. a7 Rd4+ 34. Kb5 Ra1 35. f4+ Ke4 36. Rxe6+ Kd5 37. Re5+ Kd6 38. Rf6+ Kd7 39. Ra6 Rdd1 40. Rxa1 Rxa1 41. Kb6 1-0

[Event "1st Cyprus Chess Tournament 2019"]
[Site "Larnaca"]
[Date "2019.10.27"]
[Round "3.8"]
[White "Damianou, Ioannis"]
[Black "Arkell, Keith C"]
[Result "0-1"]
[ECO "A10"]
[WhiteElo "2118"]
[BlackElo "2447"]
[Annotator "NA"]
[PlyCount "126"]
[EventDate "2019.10.25"]
[EventType "swiss"]
[EventCountry "CYP"]
[SourceTitle "playchess.com"]
[Source "ChessBase"]
[SourceQuality "1"]
[TimeControl "5400+30"]

1. c4 b6 2. Nc3 Bb7 3. e4 e6 4. g3 Bb4 (4... g6 5. Bg2 Bg7 6. Nge2 c5 7. d4 cxd4 8. Nxd4 a6 9. O-O Ne7 10. Be3 O-O 11. Qd2 Nbc6 12. Rfd1 {1-0 (27) Grandelius,N (2647)-Hambleton,A (2501) chess.com INT 2018}) 5. Bg2 Bxc3 6. bxc3 {[%emt 0:01:03] A10: English Opening: Unusual Replies for Black} f5 7. d3 fxe4 8. Qg4 $146 ({Predecessor:} 8. Nh3 Nf6 9. Ng5 O-O 10. O-O h6 11. Nxe4 Nxe4 12. dxe4 {0-1 (52) Jennings,R (1879)-Coote,T (2132) London 2016}) 8... Qe7 9. dxe4 Nf6 10. Qe2 e5 11. Nh3 Na6 12. O-O Nc5 13. f4 d6 14. fxe5 dxe5 15. Bg5 O-O 16. Nf2 h6 17. Bxf6 Rxf6 18. Ng4 Rxf1+ 19. Rxf1 Rf8 20. Rf5 Bc8 21. Rxf8+ Kxf8 22. Ne3 Qg5 23. Qf3+ Kg8 24. h4 Qd8 (24... Qg6 $17 25. Nf5 Qf6) 25. Qh5 Nd7 26. Qd1 Qf8 27. Bh3 Nf6 28. Bxc8 $15 Qxc8 29. Nd5 Kf7 30. Nxf6 Kxf6 31. c5 Qe6 32. cxb6 axb6 33. Qd8+ Qe7 34. Qc8 Qd6 35. Kg2 Ke7 36. c4 Qc6 37. Qf5 Qd6 38. Qc8 h5 39. Qg8 g6 40. Qg7+ Kd8 41. Qg8+ Kd7 42. Qd5 c6 43. Qf7+ Kc8 44. Qa7 Qd2+ 45. Kf3 Qd3+ 46. Kf2 Qxc4 47. Qa8+ Kd7 48. Qb7+ Ke8 49. Qb8+ Kf7 50. Qxe5 Qxa2+ 51. Kf3 Qa3+ 52. Ke2 Qe7 53. Qf4+ Kg7 54. Kd3 b5 55. Qb8 b4 56. e5 Kf7 57. Qh8 Qe6 58. Qh7+ Ke8 59. Qh8+ Kd7 60. Qg7+ Kc8 61. Qf8+ Kc7 62. Qxb4 Qxe5 63. Kd2 Qd6+ 0-1

[Event "1st Cyprus Chess Tournament 2019"]
[Site "Larnaca"]
[Date "2019.10.27"]
[Round "3.9"]
[White "Kayumov, Dmitry D"]
[Black "Velickovski-Nejkovic, Maja"]
[Result "0-1"]
[ECO "C41"]
[WhiteElo "2402"]
[BlackElo "2128"]
[Annotator "NA"]
[PlyCount "142"]
[EventDate "2019.10.25"]
[EventType "swiss"]
[EventCountry "CYP"]
[SourceTitle "playchess.com"]
[Source "ChessBase"]
[SourceQuality "1"]
[TimeControl "5400+30"]

1. e4 d6 2. d4 Nf6 3. Nc3 e5 4. Nf3 Nbd7 5. g3 Be7 6. Bg2 O-O 7. O-O c6 8. a4 Qc7 {[%emt 0:00:34] C41: Philidor Defence} (8... b6 9. Be3 a6 10. Nd2 Bb7 11. f4 b5 12. h3 b4 13. Ne2 a5 14. g4 Ba6 15. Rf2 h6 16. Ng3 Re8 {½-½ (45) Onischuk,V (2637)-Kunin,V (2527) Riga 2019}) 9. Re1 Rb8 10. Qd3 $146 ({Predecessor:} 10. h3 Re8 11. Be3 b6 12. Nh4 a5 {0-1 (34) Petrova,K (2197)-Wasserbauer,R (1978) Czechia 2010}) 10... a6 11. a5 c5 12. dxc5 Nxc5 13. Qe3 b5 14. axb6 Rxb6 15. b3 Rc6 16. Bd2 Be6 17. h3 (17. Nh4 $14) 17... Qc8 18. Kh2 h6 19. Nh4 Re8 20. Nd5 $1 Bxd5 21. exd5 Rc7 22. Ba5 Rb7 23. b4 Ncd7 24. Qd3 Nb8 (24... e4 $1 $11 25. Qe2 (25. Qxa6 Nb8 $15) 25... Bf8) 25. Nf5 Bf8 26. g4 g6 27. Ng3 Nfd7 (27... Be7 $16) 28. Ra3 Nb6 (28... Nf6 $16 {was called for.} 29. Kg1 Be7) 29. Rc3 Qd7 30. Rc6 Nc8 31. Be4 Ne7 (31... Bg7 $16 {was necessary.}) 32. Rc3 Qb5 33. Qf3 Rd7 34. Rg1 Nc8 $18 (34... Bg7 $16 {is a better chance.} 35. Ra3 Rf8) 35. Nh5 Bg7 36. Nf6+ Bxf6 37. Qxf6 Ne7 38. Qf3 Ra7 39. Qe3 Rb7 40. Qxh6 Nxd5 41. Rd3 Nf4 42. Rxd6 Rd7 43. Rxd7 Nxd7 44. Qh4 Kg7 45. Bd3 Qc6 46. Qg3 g5 47. Re1 Qc3 48. Qe3 Nf6 49. Bf1 Qc6 50. Qc5 Qf3 51. b5 Nxg4+ 52. Kg1 Nxh3+ 53. Bxh3 Qxh3 54. Bb6 Rh8 55. Qd5 axb5 56. Qg2 Qh4 57. Re2 Rh6 58. f3 Rxb6 59. fxg4 Rd6 60. Rf2 Rd1+ 61. Rf1 Rd4 62. Qh2 Qxg4+ 63. Kh1 Qe4+ 64. Kg1 Qe3+ 65. Qf2 Qxf2+ 66. Rxf2 b4 67. Kf1 Kg6 68. Ke2 f5 69. Rf1 g4 70. Rh1 Kg5 71. Rh8 Kf4 0-1

[Event "1st Cyprus Chess Tournament 2019"]
[Site "Larnaca"]
[Date "2019.10.27"]
[Round "3.10"]
[White "Kochergin, Sergey"]
[Black "Karagiannis, Kosmas"]
[Result "1-0"]
[ECO "A55"]
[WhiteElo "2224"]
[BlackElo "1879"]
[Annotator "NA"]
[PlyCount "101"]
[EventDate "2019.10.25"]
[EventType "swiss"]
[EventCountry "CYP"]
[SourceTitle "playchess.com"]
[Source "ChessBase"]
[SourceQuality "1"]
[TimeControl "5400+30"]

1. d4 d6 2. c4 Nd7 3. Nc3 e5 4. Nf3 Ngf6 5. e4 Be7 6. Be2 O-O 7. O-O c6 8. Re1 Qc7 9. Bf1 {[%emt 0:00:30] A55: Old Indian Defence with Nf3 and e4} b6 10. Bg5 $146 ({Predecessor:} 10. d5 Bb7 11. Be3 cxd5 12. cxd5 Rfc8 13. Nd2 Qd8 14. Rc1 Ne8 15. b4 Bg5 16. Nc4 a6 {½-½ (31) Zhou,J (2572)-Atabayev,M (2460) Kazan 2013}) 10... h6 11. Bh4 Bb7 12. Rc1 Rac8 13. a3 a6 14. d5 cxd5 15. cxd5 Qb8 16. b4 Rc7 17. Bd3 Rfc8 18. Qd2 b5 19. a4 bxa4 20. Nxa4 Rxc1 21. Rxc1 Rxc1+ 22. Qxc1 g5 23. Bg3 Qc8 (23... Bxd5 $15 24. exd5 e4 {[%mdl 64] Double Attack} 25. Bxa6 Qxb4) 24. Qxc8+ Bxc8 25. Nd2 Nh5 26. Nc4 Kf8 27. Ncb6 Nxb6 28. Nxb6 Bb7 29. Nd7+ Ke8 30. Nb8 Kd8 31. Bxa6 Bxa6 32. Nxa6 Kc8 33. b5 Kb7 34. Nb4 Kb6 35. Nc6 Bf8 36. f3 Nxg3 37. hxg3 Kxb5 38. Kh2 (38. g4 $16) 38... Kb6 $16 (38... g4 $11 {keeps the balance.}) 39. Nd8 f6 40. Ne6 Be7 41. Kh3 h5 42. Ng7 Kc5 43. Nxh5 f5 44. exf5 Kxd5 45. f6 Bd8 46. Kg4 Ke6 47. Kxg5 d5 48. Kg6 d4 49. Ng7+ Kd5 50. Nf5 Ke6 51. f7 1-0

[Event "1st Cyprus Chess Tournament 2019"]
[Site "Larnaca"]
[Date "2019.10.27"]
[Round "3.12"]
[White "Yeshchenko, Uliana"]
[Black "Bukhteeva, Viktoria"]
[Result "1/2-1/2"]
[ECO "B24"]
[WhiteElo "1650"]
[BlackElo "2110"]
[Annotator "NA"]
[PlyCount "61"]
[EventDate "2019.10.25"]
[EventType "swiss"]
[EventCountry "CYP"]
[SourceTitle "playchess.com"]
[Source "ChessBase"]
[SourceQuality "1"]
[TimeControl "5400+30"]

1. e4 c5 2. Nc3 Nc6 3. g3 e6 4. Bg2 Nf6 5. Nge2 d5 6. exd5 exd5 7. d4 Be6 8. O-O Qd7 9. Re1 O-O-O 10. Bg5 $16 cxd4 11. Nxd4 Bc5 12. Nxe6 fxe6 13. Bh3 Rhe8 14. Qd3 Kb8 15. Rad1 Qf7 16. Rd2 Ka8 17. a3 Ne4 18. Nxe4 dxe4 19. Qc3 Rxd2 20. Qxd2 Ne5 21. Bg2 Nf3+ 22. Bxf3 exf3 23. Rd1 Bb6 24. Be3 Qf5 25. Bxb6 axb6 26. Qd3 Qh5 27. Qd4 b5 28. Qb6 Qh3 29. Rd8+ Rxd8 30. Qxd8+ Ka7 31. Qa5+ 1/2-1/2

[Event "1st Cyprus Chess Tournament 2019"]
[Site "Larnaca"]
[Date "2019.10.27"]
[Round "4.1"]
[White "Gleizerov, Evgeny"]
[Black "Mirzoev, Azer"]
[Result "1/2-1/2"]
[ECO "D18"]
[WhiteElo "2512"]
[BlackElo "2472"]
[Annotator "ChessBase"]
[PlyCount "32"]
[EventDate "2019.10.25"]
[EventType "swiss"]
[EventCountry "CYP"]
[SourceTitle "playchess.com"]
[Source "ChessBase"]
[SourceQuality "1"]
[TimeControl "5400+30"]

1. d4 d5 2. c4 c6 3. Nf3 Nf6 4. Nc3 dxc4 5. a4 Bf5 6. e3 e6 7. Bxc4 Nbd7 8. O-O Bb4 9. Qb3 a5 10. Na2 Be7 11. Qxb7 Rb8 12. Qa6 Ra8 13. Qb7 Rb8 14. Qa6 Ra8 15. Qb7 Rb8 16. Qa6 Ra8 1/2-1/2

[Event "1st Cyprus Chess Tournament 2019"]
[Site "Larnaca"]
[Date "2019.10.27"]
[Round "4.2"]
[White "Arkell, Keith C"]
[Black "Kotronias, Vasilios"]
[Result "1/2-1/2"]
[ECO "D02"]
[WhiteElo "2447"]
[BlackElo "2486"]
[Annotator "ChessBase"]
[PlyCount "62"]
[EventDate "2019.10.25"]
[EventType "swiss"]
[EventCountry "CYP"]
[SourceTitle "playchess.com"]
[Source "ChessBase"]
[SourceQuality "1"]
[TimeControl "5400+30"]

1. d4 d5 2. Nf3 c5 3. c3 Nf6 4. Bf4 Qb6 5. Qb3 Nc6 6. e3 c4 7. Qc2 Bf5 8. Qc1 e6 9. h3 Be7 10. Nbd2 Rc8 11. Be2 O-O 12. O-O h6 13. Re1 Rfd8 14. Ne5 Nxe5 15. Bxe5 Qc6 16. a4 b6 17. Bf3 Ne4 18. Nxe4 Bxe4 19. Bxe4 dxe4 20. Qc2 a6 21. Rf1 f6 22. Bg3 e5 23. f3 exf3 24. Rxf3 e4 25. Rf2 Qe6 26. Raf1 Rd5 27. b4 h5 28. Qe2 Qd7 29. Qc2 Qe6 30. Qe2 Qd7 31. Qc2 Qe6 1/2-1/2

[Event "1st Cyprus Chess Tournament 2019"]
[Site "Larnaca"]
[Date "2019.10.27"]
[Round "4.3"]
[White "Tilicheev, Viacheslav"]
[Black "Ulybin, Mikhail"]
[Result "1-0"]
[ECO "C06"]
[WhiteElo "2478"]
[BlackElo "2455"]
[Annotator "ChessBase"]
[PlyCount "127"]
[EventDate "2019.10.25"]
[EventType "swiss"]
[EventCountry "CYP"]
[SourceTitle "playchess.com"]
[Source "ChessBase"]
[SourceQuality "1"]
[TimeControl "5400+30"]

1. e4 e6 2. d4 d5 3. Nd2 Nf6 4. e5 Nfd7 5. Bd3 c5 6. c3 Nc6 7. Ndf3 cxd4 8. cxd4 f6 9. exf6 Nxf6 10. Nh3 Bb4+ 11. Bd2 Qa5 12. a3 Bxd2+ 13. Qxd2 Qxd2+ 14. Kxd2 O-O 15. Rhe1 e5 16. dxe5 Bxh3 17. exf6 Bxg2 18. Rg1 Rxf6 19. Bxh7+ Kxh7 20. Ng5+ Kh6 21. Rxg2 Raf8 22. Rf1 Ne5 23. Kc3 Rc8+ 24. Kd4 Ng6 25. f3 Nh4 26. Rgg1 Rc2 27. f4 Nf5+ 28. Kd3 Rxb2 29. Rb1 Rfb6 30. Nf7+ Kh7 31. Ng5+ Kh6 32. Nf7+ Kh7 33. Ng5+ Kg6 34. Nf3+ Kf6 35. Rxb2 Rxb2 36. Ne5 Rb3+ 37. Kd2 Nd4 38. Rg6+ Kf5 39. Rxg7 Ne6 40. Rf7+ Ke4 41. Re7 Kf5 42. Rf7+ Ke4 43. Re7 Rb2+ 44. Kc3 Rb6 45. Nd3 d4+ 46. Kd2 Kf5 47. Rf7+ Ke4 48. Rf6 Ng7 49. Nc5+ Kd5 50. Rxb6 axb6 51. Nxb7 Ne6 52. f5 Nf4 53. Nd8 Ke5 54. f6 Kxf6 55. Nc6 Kf5 56. Nxd4+ Kg4 57. Ne2 Nd5 58. Ng1 b5 59. Kd3 b4 60. a4 b3 61. a5 Kh4 62. Kd2 Kg4 63. Kc1 Ne3 64. a6 1-0

[Event "1st Cyprus Chess Tournament 2019"]
[Site "Larnaca"]
[Date "2019.10.27"]
[Round "4.4"]
[White "Velickovski-Nejkovic, Maja"]
[Black "Kazakouski, Valery"]
[Result "0-1"]
[ECO "A25"]
[WhiteElo "2128"]
[BlackElo "2474"]
[Annotator "RC"]
[PlyCount "90"]
[EventDate "2019.10.25"]
[EventType "swiss"]
[EventCountry "CYP"]
[SourceTitle "playchess.com"]
[Source "ChessBase"]
[SourceQuality "1"]
[TimeControl "5400+30"]

1. c4 e5 2. Nc3 Nc6 3. g3 f5 4. d3 Nf6 5. Bg2 Bb4 6. Bd2 d6 7. Nd5 Bxd2+ 8. Qxd2 O-O 9. f4 Kh8 10. Nh3 Be6 11. Nxf6 Rxf6 12. b4 a6 13. O-O Qd7 14. a4 Re8 15. b5 axb5 16. axb5 Nd8 17. Ra8 Rff8 18. Qb2 Bg8 19. Ra7 b6 20. Ng5 Qe7 21. e4 exf4 22. gxf4 h6 23. Nh3 fxe4 24. Bxe4 d5 25. cxd5 Qc5+ 26. Kg2 Bxd5 27. Rc1 Bxe4+ 28. dxe4 Qe7 29. Rc4 Qe6 30. Qe2 Rf7 31. Kg3 c5 32. Ra6 Nb7 33. Rca4 Nd6 34. e5 Nf5+ 35. Kg2 Nd4 36. Qh5 Qd5+ 37. Kg1 Nf3+ 38. Kf2 Qd2+ 39. Kg3 Qe1+ 40. Nf2 Nxe5 41. Re4 Qg1+ 42. Kh3 Qf1+ 43. Kg3 Qg1+ 44. Kh3 Qxf2 45. Rxe5 Qf1+ 0-1

[Event "1st Cyprus Chess Tournament 2019"]
[Site "Larnaca"]
[Date "2019.10.27"]
[Round "4.5"]
[White "Demirciler, Erhan"]
[Black "Sumets, Andrey"]
[Result "0-1"]
[ECO "B52"]
[WhiteElo "1740"]
[BlackElo "2570"]
[Annotator "ChessBase"]
[PlyCount "66"]
[EventDate "2019.10.25"]
[EventType "swiss"]
[EventCountry "CYP"]
[SourceTitle "playchess.com"]
[Source "ChessBase"]
[SourceQuality "1"]
[TimeControl "5400+30"]

1. e4 c5 2. Nf3 d6 3. c3 Nf6 4. Bb5+ Bd7 5. Bxd7+ Qxd7 6. d3 Nc6 7. O-O e6 8. Re1 Be7 9. Nbd2 O-O 10. Nf1 Rfd8 11. Ng3 Ne5 12. d4 Nxf3+ 13. Qxf3 cxd4 14. cxd4 Rac8 15. Qd3 Qc6 16. Bd2 Qc4 17. Qxc4 Rxc4 18. Bc3 d5 19. e5 Nd7 20. Ne2 Rdc8 21. Rec1 f6 22. b3 R4c6 23. Bb2 Rc2 24. exf6 Nxf6 25. Nf4 Ne4 26. Nd3 Bg5 27. f4 Bf6 28. Kf1 R8c6 29. Rd1 Nd2+ 30. Ke1 Bh4+ 31. g3 Nf3+ 32. Kf1 Nxh2+ 33. Kg1 Nf3+ 0-1

[Event "1st Cyprus Chess Tournament 2019"]
[Site "Larnaca"]
[Date "2019.10.27"]
[Round "4.6"]
[White "Ivanov, Mikhail M"]
[Black "Kochergin, Sergey"]
[Result "1/2-1/2"]
[ECO "D35"]
[WhiteElo "2342"]
[BlackElo "2224"]
[Annotator "NA"]
[PlyCount "53"]
[EventDate "2019.10.25"]
[EventType "swiss"]
[EventCountry "CYP"]
[SourceTitle "playchess.com"]
[Source "ChessBase"]
[SourceQuality "1"]
[TimeControl "5400+30"]

1. d4 d5 2. c4 e6 3. Nc3 Nf6 4. cxd5 exd5 5. Bg5 Be7 6. e3 O-O 7. Bd3 Nbd7 8. Qc2 Re8 9. Nf3 Nf8 10. h3 g6 11. O-O-O Ne6 12. Bh4 Ng7 13. g4 c6 14. Nd2 b5 15. Kb1 a5 16. Rde1 a4 17. Ne2 Bb7 18. f4 Ne4 19. Bxe7 Qxe7 20. Bxe4 dxe4 21. Ng3 Rac8 22. Rc1 c5 23. dxc5 Ne6 24. b4 axb3 25. Nxb3 Bd5 26. g5 Bxb3 27. Qxb3 1/2-1/2

[Event "1st Cyprus Chess Tournament 2019"]
[Site "Larnaca"]
[Date "2019.10.27"]
[Round "4.7"]
[White "Dermatopoulos, Konstantinos"]
[Black "Cherkasov, Nikolai"]
[Result "1-0"]
[ECO "A36"]
[WhiteElo "1992"]
[BlackElo "2338"]
[Annotator "NA"]
[PlyCount "77"]
[EventDate "2019.10.25"]
[EventType "swiss"]
[EventCountry "CYP"]
[SourceTitle "playchess.com"]
[Source "ChessBase"]
[SourceQuality "1"]
[TimeControl "5400+30"]

1. c4 g6 2. Nc3 Bg7 3. e4 d6 4. g3 c5 5. Bg2 Nc6 6. Nge2 e6 7. O-O Nge7 8. d3 O-O 9. Be3 f5 10. f4 Nd4 11. Rb1 Bd7 12. b4 b6 13. bxc5 Nxe2+ 14. Nxe2 bxc5 15. d4 fxe4 16. Bxe4 d5 17. Bg2 Bc6 18. dxc5 dxc4 19. Qd6 Bxg2 20. Qxe6+ Kh8 21. Kxg2 Qd3 22. Bf2 Nf5 23. Rfd1 Rfe8 24. Rxd3 Rxe6 25. Rd2 c3 26. Rc2 Rc8 27. Nxc3 Bd4 28. g4 Ne3+ 29. Bxe3 Rxe3 30. Nd5 Re6 31. Rbc1 h5 32. h3 h4 33. c6 Rd6 34. Ne7 Rc7 35. f5 Be3 36. Nxg6+ Kg7 37. Re1 Bg5 38. Ne5 Bf6 39. Ree2 1-0